 Dungeon Crawl Stone Soup version 0.21-a0-615-g8e08f28 (webtiles) character file.

245 slep the Slasher (level 5, -1/40 HPs)
             Began as a Demonspawn Gladiator on Dec 23, 2017.
             Killed by divine providence
             ... invoked by an orc priest
              (16 damage)
             ... on level 4 of the Dungeon.
             The game lasted 00:08:34 (2195 turns).

slep the Slasher (Demonspawn Gladiator)             Turns: 2195, Time: 00:08:36

Health: -1/40      AC:  8    Str: 15    XL:     5   Next: 84%
Magic:  5/5        EV: 13    Int:  9    God:
Gold:   124        SH:  0    Dex: 15    Spells: 4/4 levels left

rFire    . . .     SeeInvis .   a - +0 long sword
rCold    . . .     Gourm    .   (no shield)
rNeg     . . .     Faith    .   b - +0 leather armour
rPois    .         Spirit   .   p - +2 hat
rElec    .         Reflect  .   (no cloak)
rCorr    .         Harm     .   j - +0 pair of gloves
MR       .....                  (no boots)
Stlth    ++........             (no amulet)
HPRegen  0.13/turn              (no ring)
MPRegen  0.09/turn              (no ring)

@: no status effects
A: yellow scales 1, powered by pain 2
a: no special abilities


You were on level 4 of the Dungeon.
You were not hungry.

You visited 1 branch of the dungeon, and saw 5 of its levels.

You collected 124 gold pieces.

Inventory:

Hand Weapons
 a - a +0 long sword (weapon)
Missiles
 d - 3 throwing nets (quivered)
 i - 21 sling bullets
Armour
 b - a +0 leather armour (worn)
 c - a +0 helmet
 j - a +0 pair of gloves (worn)
 p - a +2 hat (worn)
 q - a +0 buckler
Wands
 l - a wand of flame (22)
Scrolls
 h - 2 scrolls of identify {unknown}
 k - 2 scrolls of fear {unknown}
 m - a scroll of immolation {unknown}
 n - a scroll of remove curse {unknown}
 r - a scroll of amnesia {unknown}
Potions
 e - a potion of magic {unknown}
 g - 2 potions of degeneration {unknown}
 o - a potion of haste {unknown}
Comestibles
 f - 7 rations
 s - 5 chunks of flesh


   Skills:
 + Level 2.9 Fighting
 + Level 4.3 Long Blades
 + Level 1.9 Throwing
 + Level 1.5 Armour
 + Level 3.5 Dodging
 + Level 1.7 Stealth


You had 4 spell levels left.
You didn't know any spells.

Dungeon Overview and Level Annotations

Branches:
Dungeon (5/15)
 Temple: D:4-7

Altars:

Annotations:
D:2 1 runed door
D:3 blobert's ghost, amateur GrFi


Innate Abilities, Weirdness & Mutations

You are partially covered in yellow scales. (AC +2)
You sometimes gain power by taking damage.


Message History

You are confused.
You closely miss something.
An orc wizard appears from thin air!
Reactivating autopickup.
The orc wizard hits you with a dagger.
The orc wizard hits you but does no damage.
You bump into the rock wall.
The orc wizard barely misses you.
You bump into the rock wall.
The orc wizard hits you with a dagger.
You barely miss the orc wizard.
The orc wizard is severely wounded.
You feel less confused. The orc wizard casts a spell at you.
You resist with some effort.
You closely miss the orc wizard.
The orc wizard is severely wounded.
The orc wizard gestures wildly while chanting.
The orc wizard flickers and vanishes!
Deactivating autopickup; reactivate with Ctrl-A.
The orc priest mumbles some strange prayers to Beogh against you.
Beogh smites you!
You die...

......# #.
#.....##. ........
....... .o.#.#
#o##.# #a##.#
#.##.##{##.# +#
#.......@..####.###
####.######.......#
#. #.###.#.# ##.##
#.##....# ##...##
#.#.....### #.....#
#.#........
#.....####.#)#
#......<>))>.#
##...#####.......#


You could see a worker ant, an orc priest and an orc.

Vanquished Creatures
  A phantom (D:2)
  An orc wizard (D:4)
  Robin (D:2)
  3 adders
  A dart slug (D:1)
  4 leopard geckos
  9 orcs
  4 giant cockroaches
  12 goblins
  11 hobgoblins
  11 jackals
  A quokka (D:2)
  A ball python (D:1)
  4 bats
  A frilled lizard (D:1)
  3 kobolds
  5 rats
  2 fungi (D:2)
75 creatures vanquished.

Notes
Turn   | Place    | Note
-------+----------+-------------------------------------------
     0 | D:1      | slep the Demonspawn Gladiator began the quest for the Orb.
     0 | D:1      | Reached XP level 1. HP: 16/16 MP: 1/1
   158 | D:1      | Reached skill level 3 in Long Blades
   158 | D:1      | Gained mutation: You sometimes gain a little power by taking damage. [demonic ancestry]
   158 | D:1      | Reached XP level 2. HP: 20/22 MP: 2/2
   348 | D:1      | Gained mutation: You sometimes gain power by taking damage. [demonic ancestry]
   348 | D:1      | Reached XP level 3. HP: 26/27 MP: 3/3
   794 | D:2      | Noticed Robin
   811 | D:2      | Killed Robin
   811 | D:2      | Reached skill level 1 in Stealth
  1122 | D:2      | Gained mutation: You are partially covered in yellow scales. (AC +2) [demonic ancestry]
  1122 | D:2      | Reached XP level 4. HP: 28/34 MP: 4/4
  1419 | D:2      | Noticed a phantom
  1457 | D:2      | Killed a phantom
  1457 | D:2      | Reached skill level 4 in Long Blades
  1457 | D:2      | Reached skill level 1 in Armour
  1457 | D:2      | Reached XP level 5. HP: 32/39 MP: 5/5
  1832 | D:2      | Found a runed door.
  1906 | D:3      | Noticed blobert's ghost (amateur GrFi)
  2064 | D:5      | Entered Level 5 of the Dungeon
  2098 | D:5      | Noticed an ogre
  2195 | D:4      | Killed from afar by an orc priest

Vault maps used:
D:1:      minmay_arrival_semitransparent
D:2:      grunt_ministairs_2, uniq_robin, uniq_crazy_yiuf_cottage
D:3:      first_ration, serial_park_tiny_2
D:4:      minmay_misc_feat_more_columns
D:5:      yredelemnul_altar_generic, minmay_temple_entry_mist, uniq_ijyb

Skill      XL: |  1  2  3  4 |
---------------+-------------+-----
Long Blades    | 3 4 |  4.3
Dodging        | 3 |  3.5
Stealth        | 1 |  1.7
Armour         | 1 |  1.5
Fighting       | |  2.9
Throwing       | |  1.9

Action                   |  1- 3 |  4- 6 || total
-------------------------+-------+-------++-------
Melee: Long sword        |   109 |   133 ||   242
 Stab: Sleeping          |     2 |     3 ||     5
  Eat: Chunk             |     1 |     4 ||     5
Armor: Leather armour    |    28 |    44 ||    72
Dodge: Dodged            |    99 |    91 ||   190
       Rpst.: Long sword |    33 |    31 ||    64

Table legend:
 A = Spawn XP
 B = Non-spawn XP
 C = Spawn XP percentage of total XP
 D = Spawn monster count
 E = Non-spawn monster count
 F = Spawn count percentage of total count
 G = Total turns spent on level
                    A         B        C        D         E        F      G
               +---------+---------+-------+---------+---------+-------+---------
         Total |       0 |     351 |   0.0 |       0 |      73 |   0.0 |  2195
               +---------+---------+-------+---------+---------+-------+---------
           D:1 |       0 |      46 |   0.0 |       0 |      24 |   0.0 |   708
           D:2 |       0 |     205 |   0.0 |       0 |      28 |   0.0 |  1194
           D:3 |       0 |      42 |   0.0 |       0 |      14 |   0.0 |   145
           D:4 |       0 |      55 |   0.0 |       0 |       6 |   0.0 |    85
           D:5 |       0 |       3 |   0.0 |       0 |       1 |   0.0 |    63
               +---------+---------+-------+---------+---------+-------+---------
